 Dungeon Crawl Stone Soup version 0.28-a0-1339-ga5422284a4 (webtiles) character file.

Game seed: 17680099050875972729

125 willcat the Sneak (level 5, 0/29 (30) HPs)
             Began as a Kobold Brigand on Dec 29, 2021.
             Slain by an iguana (5 damage)
             ... on level 3 of the Dungeon.
             The game lasted 00:02:22 (3574 turns).

willcat the Sneak (Kobold Brigand)                  Turns: 3574, Time: 00:02:23

HP:   0/29 (30)     AC:  4    Str: 14    XL:     5   Next: 30%
MP:   5/5           EV: 14    Int: 14    God:
Gold: 156           SH:  0    Dex: 17    Spells: 4/4 levels left

rFire   . . .      SeeInvis .   t - +2 short sword (drain)
rCold   + . .      Faith    .   (no shield)
rNeg    . . .      Spirit   .   b - +0 robe
rPois   .          Reflect  .   (no helmet)
rElec   .          Harm     .   c - +0 cloak
rCorr   .          Rampage  .   (no gloves)
Will    .....                   k - +0 pair of boots
Stlth   +++++.....              l - amulet of magic regeneration
HPRegen 0.09/turn               p - +6 ring of strength
MPRegen 0.49/turn               o - ring of protection from cold

@: lightly drained
A: small, no large weapons, nightstalker 3
a: no special abilities


You were on level 3 of the Dungeon.
You visited 1 branch of the dungeon, and saw 5 of its levels.

You collected 156 gold pieces.

Inventory:

Hand Weapons
 h - a +2 dagger of venom
 t - a +2 short sword of draining (weapon)
Missiles
 d - 25 poisoned darts (quivered)
 e - 2 curare-tipped darts
Armour
 b - a +0 robe (worn)
 c - a +0 cloak (worn)
 k - a +0 pair of boots (worn)
Jewellery
 a - a ring of fire
 l - an amulet of magic regeneration (around neck)
 o - a ring of protection from cold (right hand)
 p - a +6 ring of strength (left hand)
Scrolls
 f - 3 scrolls of enchant weapon {unknown}
 g - 4 scrolls of identify {unknown}
 j - 3 scrolls of enchant armour {unknown}
 n - a scroll of magic mapping {unknown}
 s - a scroll of noise {unknown}
Potions
 i - 3 potions of curing
 m - a potion of lignification {unknown}
 q - a potion of mutation {unknown}
 r - a potion of might {unknown}


   Skills:
 - Level 2.1 Fighting
 + Level 3.6 Short Blades
 - Level 2.1 Throwing
 + Level 2.0 Dodging
 + Level 7.9 Stealth


You had 4 spell levels left.
You didn't know any spells.
Your spell library was empty.

Dungeon Overview and Level Annotations

Branches:
Dungeon (5/15)
 Temple: D:4-7

Altars:


Innate Abilities, Weirdness & Mutations

You are small and have problems with some larger weapons.
You are completely attuned to the shadows.


Message History

An iguana is nearby!
The iguana bites you!
An iguana is nearby!
You hit the iguana but do no damage.
The iguana bites you but does no damage.
An iguana is nearby!
You hit the iguana.
The iguana is moderately wounded.
The iguana bites you.
You are too injured to fight recklessly!
You are too injured to fight recklessly!
You are too injured to fight recklessly!
You are too injured to fight recklessly!
You are too injured to fight recklessly!
Unknown command.
You closely miss the iguana.
The iguana is moderately wounded.
The iguana closely misses you.
Unknown command.
You hit the iguana.
The iguana is heavily wounded.
The iguana completely misses you.
Unknown command.
You closely miss the iguana.
The iguana is heavily wounded.
The iguana closely misses you.
Unknown command.
You barely miss the iguana.
The iguana is heavily wounded.
The iguana completely misses you.
Unknown command.
You hit the iguana. You drain the iguana.
The iguana is almost dead.
The iguana bites you!
* * * LOW HITPOINT WARNING * * *
Unknown command.
You closely miss the iguana.
The iguana is almost dead.
The iguana bites you.
You die...

#........##
####.###†..##
.....#..†.##
#.........#
.......#### ..
..##.### ##.# ..#..#
#.. .....### #l#
###.....# #@# #.###.#
#####)# ##.# .
....(.##. ##..#
###<.....# ...##
.....##..# ..##
#.............
#.######......)......
#....................
.######........|.....


You could see an iguana (drained).

Vanquished Creatures
  A bullfrog skeleton (D:4)
  3 adders
  A gnoll (D:4)
  A worm (D:2)
  A dart slug (D:1)
  An orc (D:4)
  7 bats
  5 endoplasms
  5 giant cockroaches
  4 hobgoblins
  A quokka (D:1)
  6 ball pythons
  3 frilled lizards
  5 goblins (D:1)
  6 kobolds
  4 rats
54 creatures vanquished.

Vanquished Creatures (others)
  29 plants
29 creatures vanquished.

Grand Total: 83 creatures vanquished

Notes
Turn   | Place    | Note
-------+----------+-------------------------------------------
     0 | D:1      | willcat the Kobold Brigand began the quest for the Orb.
     0 | D:1      | Reached XP level 1. HP: 12/12 MP: 1/1
   228 | D:1      | Reached XP level 2. HP: 15/17 MP: 2/2
   420 | D:1      | Reached skill level 6 in Stealth
   760 | D:1      | Reached XP level 3. HP: 21/21 MP: 3/3
  1998 | D:2      | Reached XP level 4. HP: 26/26 MP: 4/4
  2230 | D:2      | Reached skill level 7 in Stealth
  2431 | D:2      | Found a faded altar of an unknown god.
  2973 | D:3      | You fall into a shaft and drop 2 floors!
  2973 | D:5      | Entered Level 5 of the Dungeon
  3305 | D:4      | Reached XP level 5. HP: 16/30 MP: 5/5
  3574 | D:3      | Slain by an iguana

Illustrated notes

Levels and vault maps discovered:
D:1:      minmay_arrival_checkered_box, layout_basic, roderic_roman_lattice,
          minmay_crystal_water, minmay_door_square
D:2:      layout_loops_ring, serial_bayou, serial_bayou_pond_c,
          serial_bayou_shore_a, serial_bayou_pond_b, serial_bayou_lagoon_a,
          serial_bayou_crossing, serial_bayou_pond_a,
          shapermc_ecumenical_altar_petra
D:3:      layout_rooms, serial_shops, nicolae_shop_hallway_plus,
          portal_sewer_entry_a
D:4:      kennysheep_kobold_camp, layout_gridville, nicolae_elyvilon_temple_path
D:5:      layout_basic, hangedman_glass_teeth, serial_park_tiny_2

Skill      XL: |  1  2  3  4 |
---------------+-------------+-----
Short Blades   | 3 |  3.6
Stealth        | 6 7 |  7.9
Dodging        | 2 |  2.0
Fighting       | |  2.1
Throwing       | |  2.1

Action                   |  1- 3 |  4- 6 || total
-------------------------+-------+-------++-------
Melee: Dagger            |    72 |    47 ||   119
       Short sword       |       |     9 ||     9
Throw: Dart              |       |     1 ||     1
  Use: Potion            |     1 |       ||     1
 Stab: Sleeping          |    17 |     7 ||    24
Armor: Robe              |    15 |     9 ||    24
Dodge: Dodged            |    41 |    30 ||    71

Table legend: (Time is in decaauts)
 A = Elapsed time spent in this place.
 B = Non-inter-level travel time spent in this place.
 C = Inter-level travel time spent in this place.
 D = Time resting spent in this place.
 E = Time spent auto-exploring this place.
 F = Levels seen in this place.
 G = Mean time per level.
                   A        B        C        D        E       F      G
               +--------+--------+--------+--------+--------+-----+--------+
         Total |   3598 |   3493 |    105 |    358 |   2736 |   5 |  719.6 |
       Dungeon |   3598 |   3493 |    105 |    358 |   2736 |   5 |  719.6 |
               +--------+--------+--------+--------+--------+-----+--------+

Top non-repeatable levels by time:
     D:1: 1812 daAuts
     D:2: 1120 daAuts
     D:4: 536 daAuts
     D:3: 114 daAuts
     D:5: 14 daAuts
